Landrian, chaotic female elven Ranger ------- --- -------- ---- |......[## |. -....- |..| |.....| # |.| |....| |.. |...... `##### |.---- -----....----|--+----- | |.....| # |..................d.@G...@...... |.<...| ##` #|.- -----+--....W..--@---- -- | -----.- # #|.| |..| |......{| .. ####|.| |.. |.......|....| ##|.----|-----.......|.._.| ##....[........[{.)..|....| . #|.-------+-------.------- |. #|.| |.| |. #-.- .+ |. |.| |)| --- |.- -.- |. . --- --- Landrian the Trailblazer Experience level: 6 Strength: 15 Dexterity: 11 Constitution: 14 Intelligence: 13 Wisdom: 14 Charisma: 8 Health: 0(34) Energy: 39(39) Def: 3 Gold: 288 Moves: 1700 Dungeon seed: 3sjFEfpw1QN3WScq Game ID: Landrian_1474461602 Your Inventory: Coins $ - 288 gold pieces Amulets T - a cursed amulet of change Weapons a - a +1 elven dagger (alternate weapon; not wielded) b - a +1 elven bow (weapon in hand) c - 41 +2 elven arrows (in quiver) d - 31 +0 elven arrows t - 9 cursed -2 darts u - a cursed +0 dagger x - 22 +0 darts A - 2 +0 daggers R - a blessed +1 dagger U - 49 cursed +2 elven arrows V - 31 cursed +0 elven arrows Armor e - a blessed +2 elven cloak (being worn) r - an uncursed +0 pair of kicking boots D - an uncursed +0 dwarvish iron helm E - an uncursed +1 dwarvish cloak G - an uncursed +0 pair of iron shoes N - an uncursed +0 dwarvish cloak S - a blessed +1 dwarvish cloak W - a cursed +1 dwarvish mithril-coat X - an uncursed +0 dwarvish cloak Y - an uncursed +0 pair of iron shoes Comestibles f - 5 uncursed lembas wafers i - 4 uncursed food rations Scrolls w - a cursed scroll of identify y - 2 uncursed scrolls of light z - a blessed scroll of food detection Q - an uncursed scroll of enchant weapon Potions p - an uncursed potion of restore ability Rings j - a blessed +1 ring of protection s - a cursed ring of conflict O - an uncursed ring of sustain ability Wands L - a wand of magic missile (0:3) Tools k - an uncursed oil lamp (lit) (0:752) B - 5 uncursed wax candles (0:400) H - 7 blessed tallow candles (0:200) Z - a +0 unicorn horn Gems n - 2 uncursed worthless pieces of blue glass q - an uncursed worthless piece of green glass C - an uncursed jasper stone I - an uncursed worthless piece of red glass Spells and supernatural/magical abilities: Name Level Category Fail Memory W - pray for help -- divine ? -- Your skills at the end: Fighting Skills Weapon Skills dagger [Basic] bow [Basic] Spellcasting Skills Final Attributes: You were piously aligned. You were sleep resistant. You had automatic searching. You had infravision. You were stealthy. You are dead. Vanquished creatures: a gray unicorn 4 gnome lords a gnomish wizard a little dog 7 dwarves a kobold lord 2 iguanas an acid blob a hobbit a manes a large kobold 2 giant rats 14 gnomes 3 jackals a fox 2 kobolds 4 grid bugs 4 lichens 6 newts 57 creatures vanquished. Voluntary challenges: You were an atheist. You used a wielded weapon 52 times, starting on turn 130. You read items or engraved 1 time, starting on turn 1641. You never genocided any monsters. You never polymorphed an object. You never changed form. You used no wishes. You never split a pudding. You wrote Elbereth's name 1 time, starting on turn 1641. You never violated your personal moral code. Dungeon overview: The Dungeons of Doom: levels 1 to 5 Level 1 a long staircase Level 2 Level 3 a fountain Level 4 stairs to The Gnomish Mines Level 5 The Gnomish Mines: levels 5 to 7 Level 5 stairs to The Dungeons of Doom Level 6 Level 7 <- You were here a temple to Mercury, some fountains History has recorded: On T:1 you entered the Dungeons of Doom to retrieve the Amulet of Yendor! On T:205 you reached level 2 of The Dungeons of Doom. On T:395 you advanced to experience level 2. On T:510 you reached level 3 of The Dungeons of Doom. On T:779 you reached level 4 of The Dungeons of Doom. On T:866 you advanced to experience level 3. On T:994 you reached level 5 of The Dungeons of Doom. On T:1145 you advanced to experience level 4. On T:1175 you reached level 1 of The Gnomish Mines. On T:1240 you advanced to experience level 5. On T:1402 you reached level 2 of The Gnomish Mines. On T:1565 you reached level 3 of The Gnomish Mines. On T:1600 you advanced to experience level 6. Score breakdown: Gold: 288 ( 8371 points) Experience: 6 levels (12456 points) Exploration: 7 levels ( 14.00%) (10497 points) Discoveries: 2 items ( 0.69%) ( 2491 points) Valuables value: (no points given unless you survive) Artifact value: 0 ( 0 points) Variety of kills: 19 monsters ( 4.99%) ( 6699 points) Turncount: 1700 turns ( 0 points) Survival: died (score multiplied by 80%) Total score: 32411 Latest messages: This lichen corpse tastes terrible! The kitten drops a hooded cloak. You finish eating the lichen corpse. You drop a large round shield. You drop a chain mail. Your movements are only slowed slightly by your load. You miss ranhack's ghost. "What lousy pay we're getting here!" You see here a hooded cloak. You have a little trouble lifting X - a hooded cloak. You displace your kitten. You hear the splashing of a naiad. The dwarf throws a dagger! The dagger hits the orc mummy. You hit the leprechaun. The leprechaun hits! Your purse feels lighter. You miss the gnome king. The gnome king hits! (2x) You die... Final status: Goodbye Landrian the Ranger, killed by a gnome king... You died in The Gnomish Mines on dungeon level 7 with 32411 points, and 288 pieces of gold, after 1700 moves. You were level 6 with a maximum of 34 hit points when you died.